[ PARTIDA AOE2 · #505592642 ]
UnrankedFrancos vs Poles
Equipo del jugador · DERR
Equipo rival · VICT
[ ANÁLISIS DE REPETICIÓN · EXTRAÍDO DE LA PARTIDA GRABADA ]
Feudal
10:10
Castillos
28:18
Imperial
—
| APM promedio | 47.8 |
| APM pico | 85 |
| eAPM promedio | 20.1 |
| Aldeanos / militares | 47 / 20 |
Foco
⚔️ 33.9% · 🌾 66.1%
Archer ×16 · Militia ×4
Feudal
17:01
Castillos
20:56
Imperial
—
| APM promedio | 51.9 |
| APM pico | 97 |
| eAPM promedio | 23.9 |
| Aldeanos / militares | 68 / 6 |
Foco
⚔️ 25.1% · 🌾 74.9%
Knight ×6
Mapa de la partida
Recursos iniciales + cada clic de construcción. Líneas = muros · curvas = relieve. ◆ oro · ⬟ piedra · ● bayas · ✦ reliquia · ◌ hueco del cierre
Tu base· Abierta — flanco sin cerrar
Base de Kbro de Dia- K1 de noche· Abierta — flanco sin cerrar
Terreno inicial suavizado · ◌ = hueco del cierre detectado · pasá el cursor para detalles
Inputs por minuto
— HK | Foko_89 - - Kbro de Dia- K1 de noche
Build order — HK | Foko_89
Primeras 150 de 159 acciones detectadas
| 0:01 | Encolar | Villager (Male) |
| 0:01 | Encolar | Villager (Male) |
| 0:01 | Encolar | Villager (Male) |
| 0:02 | Encolar | Villager (Male) |
| 0:02 | Construir | House |
| 0:04 | Construir | House |
| 1:27 | Encolar | Villager (Male) |
| 1:27 | Encolar | Villager (Male) |
| 2:06 | Encolar | Villager (Male) |
| 2:15 | Encolar | Villager (Male) |
| 2:16 | Encolar | Villager (Male) |
| 2:47 | Encolar | Villager (Male) |
| 2:47 | Encolar | Villager (Male) |
| 3:10 | Encolar | Villager (Male) |
| 3:11 | Encolar | Villager (Male) |
| 3:25 | Construir | House |
| 3:26 | Construir | House |
| 3:30 | Encolar | Villager (Male) |
| 3:42 | Construir | Lumber Camp |
| 3:56 | Encolar | Villager (Male) |
| 4:19 | Construir | Palisade Gate |
| 4:28 | Construir | Palisade Wall |
| 4:30 | Construir | Palisade Wall |
| 4:35 | Construir | Palisade Wall |
| 4:41 | Construir | Palisade Wall |
| 4:52 | Construir | Palisade Wall |
| 4:56 | Encolar | Villager (Male) |
| 5:09 | Construir | Palisade Wall |
| 5:13 | Construir | Palisade Wall |
| 5:14 | Construir | Palisade Wall |
| 5:17 | Construir | Palisade Wall |
| 5:19 | Encolar | Villager (Male) |
| 5:20 | Encolar | Villager (Male) |
| 5:20 | Encolar | Villager (Male) |
| 5:30 | Construir | Mill |
| 5:43 | Encolar | Villager (Male) |
| 6:05 | Investigar | Loom |
| 6:05 | Investigar | Loom |
| 6:08 | Investigar | Loom |
| 7:07 | Encolar | Villager (Male) |
| 7:27 | Encolar | Villager (Male) |
| 7:27 | Encolar | Villager (Male) |
| 8:00 | Investigar | Feudal Age |
| 8:01 | Investigar | Feudal Age |
| 8:08 | Construir | Palisade Gate |
| 8:30 | Construir | Barracks |
| 9:15 | Construir | House |
| 10:10 | Edad | Edad Feudal |
| 10:18 | Encolar | Militia |
| 10:18 | Encolar | Militia |
| 10:18 | Encolar | Militia |
| 11:27 | Encolar | Militia |
| 11:56 | Construir | Mining Camp |
| 11:57 | Encolar | Villager (Male) |
| 11:57 | Encolar | Villager (Male) |
| 11:58 | Encolar | Villager (Male) |
| 12:09 | Construir | Farm |
| 12:10 | Construir | Farm |
| 12:46 | Construir | Lumber Camp |
| 12:57 | Investigar | Man-at-Arms (upgrade) |
| 12:57 | Investigar | Man-at-Arms (upgrade) |
| 13:34 | Encolar | Villager (Male) |
| 13:34 | Encolar | Villager (Male) |
| 13:52 | Encolar | Villager (Male) |
| 14:35 | Encolar | Villager (Male) |
| 14:36 | Encolar | Villager (Male) |
| 15:03 | Encolar | Villager (Male) |
| 15:06 | Construir | Farm |
| 15:08 | Construir | Archery Range |
| 15:11 | Encolar | Villager (Male) |
| 15:18 | Construir | Farm |
| 15:44 | Investigar | Double-Bit Axe |
| 15:44 | Investigar | Double-Bit Axe |
| 15:52 | Encolar | Archer |
| 15:53 | Encolar | Archer |
| 15:53 | Encolar | Archer |
| 16:01 | Construir | House |
| 16:06 | Construir | House |
| 16:17 | Encolar | Villager (Male) |
| 16:17 | Encolar | Villager (Male) |
| 16:24 | Encolar | Archer |
| 16:25 | Encolar | Archer |
| 16:27 | Encolar | Archer |
| 16:27 | Encolar | Archer |
| 16:30 | Encolar | Villager (Male) |
| 16:30 | Encolar | Villager (Male) |
| 16:47 | Construir | Farm |
| 16:57 | Construir | Farm |
| 17:13 | Investigar | Town Watch |
| 17:16 | Construir | Farm |
| 17:37 | Encolar | Villager (Male) |
| 18:02 | Construir | Blacksmith |
| 18:25 | Encolar | Archer |
| 18:25 | Encolar | Archer |
| 18:25 | Encolar | Archer |
| 18:51 | Encolar | Villager (Male) |
| 18:52 | Encolar | Archer |
| 18:55 | Investigar | Fletching |
| 18:59 | Construir | Farm |
| 19:01 | Construir | Farm |
| 19:18 | Encolar | Villager (Male) |
| 19:36 | Investigar | Padded Archer Armor |
| 19:37 | Encolar | Archer |
| 19:39 | Encolar | Villager (Male) |
| 19:43 | Construir | Mining Camp |
| 19:50 | Construir | House |
| 19:54 | Construir | House |
| 19:58 | Construir | House |
| 21:04 | Construir | Watch Tower |
| 21:24 | Encolar | Archer |
| 22:03 | Construir | Watch Tower |
| 22:23 | Construir | Watch Tower |
| 22:34 | Encolar | Villager (Male) |
| 22:37 | Encolar | Archer |
| 22:38 | Encolar | Villager (Male) |
| 22:39 | Encolar | Villager (Male) |
| 22:45 | Construir | Market |
| 23:03 | Construir | Palisade Wall |
| 23:03 | Construir | Palisade Wall |
| 23:03 | Construir | Palisade Wall |
| 23:04 | Construir | Palisade Wall |
| 23:04 | Construir | Palisade Wall |
| 23:04 | Construir | Palisade Wall |
| 23:11 | Encolar | Villager (Male) |
| 23:38 | Construir | Watch Tower |
| 23:47 | Construir | Watch Tower |
| 23:54 | Encolar | Villager (Male) |
| 23:59 | Construir | House |
| 24:00 | Construir | Palisade Wall |
| 24:02 | Construir | House |
| 24:03 | Construir | House |
| 24:06 | Construir | Palisade Wall |
| 24:20 | Encolar | Villager (Male) |
| 24:25 | Encolar | Archer |
| 24:25 | Encolar | Archer |
| 25:14 | Construir | Palisade Wall |
| 25:15 | Construir | Palisade Wall |
| 25:15 | Construir | Palisade Wall |
| 25:15 | Construir | Palisade Wall |
| 25:16 | Construir | Palisade Wall |
| 25:24 | Construir | Watch Tower |
| 25:38 | Investigar | Castle Age |
| 25:38 | Investigar | Castle Age |
| 25:38 | Investigar | Castle Age |
| 25:48 | Construir | Palisade Wall |
| 25:48 | Construir | Palisade Wall |
| 25:49 | Construir | Palisade Wall |
| 25:49 | Construir | Palisade Wall |
| 25:49 | Construir | Palisade Wall |
| 26:06 | Construir | Palisade Wall |
Build order — Kbro de Dia- K1 de noche
Primeras 150 de 168 acciones detectadas
| 0:00 | Encolar | Villager (Male) |
| 0:01 | Encolar | Villager (Male) |
| 0:02 | Construir | House |
| 0:03 | Construir | House |
| 0:19 | Encolar | Villager (Male) |
| 0:19 | Encolar | Villager (Male) |
| 0:19 | Encolar | Villager (Male) |
| 1:44 | Encolar | Villager (Male) |
| 1:45 | Encolar | Villager (Male) |
| 1:45 | Encolar | Villager (Male) |
| 1:59 | Encolar | Villager (Male) |
| 1:59 | Encolar | Villager (Male) |
| 2:11 | Encolar | Villager (Male) |
| 2:11 | Encolar | Villager (Male) |
| 2:30 | Encolar | Villager (Male) |
| 2:30 | Encolar | Villager (Male) |
| 3:16 | Investigar | Loom |
| 3:31 | Encolar | Villager (Male) |
| 3:31 | Encolar | Villager (Male) |
| 3:31 | Encolar | Villager (Male) |
| 3:45 | Construir | Palisade Wall |
| 3:48 | Construir | Palisade Wall |
| 3:48 | Construir | Palisade Wall |
| 3:54 | Encolar | Villager (Male) |
| 3:54 | Encolar | Villager (Male) |
| 4:16 | Encolar | Villager (Male) |
| 4:17 | Encolar | Villager (Male) |
| 4:32 | Construir | Palisade Wall |
| 4:37 | Construir | Palisade Wall |
| 4:39 | Construir | Palisade Wall |
| 4:41 | Construir | Palisade Wall |
| 4:43 | Encolar | Villager (Male) |
| 4:48 | Construir | Mill |
| 5:05 | Encolar | Villager (Male) |
| 5:05 | Encolar | Villager (Male) |
| 5:08 | Construir | House |
| 5:17 | Construir | House |
| 5:47 | Construir | Palisade Wall |
| 5:50 | Construir | Palisade Wall |
| 6:01 | Encolar | Villager (Male) |
| 6:01 | Encolar | Villager (Male) |
| 6:35 | Encolar | Villager (Male) |
| 6:35 | Encolar | Villager (Male) |
| 6:38 | Construir | Farm |
| 6:44 | Construir | House |
| 7:09 | Encolar | Villager (Male) |
| 7:09 | Encolar | Villager (Male) |
| 7:10 | Construir | Farm |
| 7:31 | Encolar | Villager (Male) |
| 7:31 | Encolar | Villager (Male) |
| 7:44 | Construir | Lumber Camp |
| 8:01 | Encolar | Villager (Male) |
| 8:01 | Encolar | Villager (Male) |
| 9:03 | Construir | Palisade Wall |
| 9:05 | Construir | Palisade Wall |
| 9:07 | Encolar | Villager (Male) |
| 9:08 | Construir | Palisade Wall |
| 9:15 | Construir | Farm |
| 9:15 | Construir | Farm |
| 9:20 | Encolar | Villager (Male) |
| 9:20 | Encolar | Villager (Male) |
| 9:37 | Construir | Farm |
| 9:52 | Construir | Farm |
| 10:00 | Encolar | Villager (Male) |
| 10:00 | Encolar | Villager (Male) |
| 10:17 | Encolar | Villager (Male) |
| 10:17 | Encolar | Villager (Male) |
| 10:18 | Encolar | Villager (Male) |
| 10:45 | Encolar | Villager (Male) |
| 10:45 | Encolar | Villager (Male) |
| 10:52 | Construir | Mill |
| 10:58 | Construir | Palisade Wall |
| 11:00 | Construir | Palisade Wall |
| 11:00 | Construir | Palisade Wall |
| 11:05 | Construir | Palisade Wall |
| 11:07 | Construir | Palisade Wall |
| 11:09 | Construir | Palisade Wall |
| 11:12 | Construir | Palisade Wall |
| 11:13 | Construir | Palisade Wall |
| 11:15 | Construir | Palisade Wall |
| 11:27 | Construir | Palisade Wall |
| 11:29 | Construir | Palisade Wall |
| 11:29 | Construir | Palisade Wall |
| 11:30 | Construir | Palisade Wall |
| 11:30 | Construir | Palisade Wall |
| 11:31 | Construir | Palisade Wall |
| 11:33 | Encolar | Villager (Male) |
| 11:33 | Encolar | Villager (Male) |
| 12:10 | Encolar | Villager (Male) |
| 12:57 | Encolar | Villager (Male) |
| 13:19 | Construir | Lumber Camp |
| 13:25 | Encolar | Villager (Male) |
| 13:40 | Construir | House |
| 13:42 | Construir | Palisade Wall |
| 13:45 | Construir | Palisade Wall |
| 14:02 | Construir | Palisade Wall |
| 14:09 | Construir | Palisade Wall |
| 14:11 | Construir | Palisade Wall |
| 14:36 | Construir | House |
| 14:46 | Construir | House |
| 14:51 | Investigar | Feudal Age |
| 15:41 | Construir | Mill |
| 16:01 | Construir | Mining Camp |
| 16:55 | Encolar | Villager (Male) |
| 17:01 | Edad | Edad Feudal |
| 17:01 | Construir | Farm |
| 17:16 | Encolar | Villager (Male) |
| 17:16 | Encolar | Villager (Male) |
| 17:19 | Construir | Market |
| 17:23 | Construir | Blacksmith |
| 17:35 | Investigar | Horse Collar |
| 17:39 | Encolar | Villager (Male) |
| 17:48 | Construir | Farm |
| 17:50 | Construir | Farm |
| 17:52 | Construir | Farm |
| 17:53 | Construir | Farm |
| 18:10 | Investigar | Castle Age |
| 18:10 | Investigar | Castle Age |
| 18:18 | Construir | Palisade Wall |
| 18:59 | Construir | Palisade Wall |
| 19:02 | Construir | Palisade Gate |
| 19:27 | Construir | Watch Tower |
| 19:35 | Construir | Mining Camp |
| 19:56 | Construir | Barracks |
| 20:15 | Investigar | Double-Bit Axe |
| 20:20 | Construir | House |
| 20:26 | Construir | Watch Tower |
| 20:49 | Construir | House |
| 20:53 | Construir | Palisade Wall |
| 20:56 | Edad | Edad de los Castillos |
| 20:56 | Construir | Palisade Wall |
| 21:30 | Encolar | Villager (Male) |
| 21:34 | Construir | Stable |
| 21:43 | Construir | Stable |
| 21:48 | Investigar | Bow Saw |
| 21:49 | Investigar | Bow Saw |
| 21:56 | Encolar | Villager (Male) |
| 22:28 | Encolar | Villager (Male) |
| 22:34 | Encolar | Knight |
| 22:51 | Construir | Palisade Wall |
| 22:52 | Construir | Palisade Wall |
| 22:52 | Construir | Palisade Wall |
| 22:53 | Construir | Palisade Wall |
| 23:06 | Encolar | Knight |
| 23:09 | Construir | House |
| 23:23 | Investigar | Town Watch |
| 23:58 | Encolar | Knight |
| 24:00 | Encolar | Villager (Male) |
| 24:19 | Construir | Watch Tower |
| 24:25 | Construir | Watch Tower |
Cronología de la partida
| 3:45 | Kbro de Dia- K1 de noche · wall_segment Palisade Wall x1 |
| 3:48 | Kbro de Dia- K1 de noche · wall_segment Palisade Wall x1 |
| 3:48 | Kbro de Dia- K1 de noche · wall_segment Palisade Wall x1 |
| 4:28 | HK | Foko_89 · wall_segment Palisade Wall x1 |
| 4:30 | HK | Foko_89 · wall_segment Palisade Wall x1 |
| 4:32 | Kbro de Dia- K1 de noche · wall_segment Palisade Wall x1 |
| 4:35 | HK | Foko_89 · wall_segment Palisade Wall x1 |
| 4:37 | Kbro de Dia- K1 de noche · wall_segment Palisade Wall x1 |
| 4:39 | Kbro de Dia- K1 de noche · wall_segment Palisade Wall x1 |
| 4:41 | HK | Foko_89 · wall_segment Palisade Wall x1 |
| 4:41 | Kbro de Dia- K1 de noche · wall_segment Palisade Wall x1 |
| 4:52 | HK | Foko_89 · wall_segment Palisade Wall x1 |
| 5:09 | HK | Foko_89 · wall_segment Palisade Wall x1 |
| 5:13 | HK | Foko_89 · wall_segment Palisade Wall x1 |
| 5:14 | HK | Foko_89 · wall_segment Palisade Wall x1 |
| 5:17 | HK | Foko_89 · wall_segment Palisade Wall x1 |
| 5:47 | Kbro de Dia- K1 de noche · wall_segment Palisade Wall x1 |
| 5:50 | Kbro de Dia- K1 de noche · wall_segment Palisade Wall x1 |
| 8:30 | HK | Foko_89 · first_building Barracks |
| 9:03 | Kbro de Dia- K1 de noche · wall_segment Palisade Wall x1 |
| 9:05 | Kbro de Dia- K1 de noche · wall_segment Palisade Wall x1 |
| 9:08 | Kbro de Dia- K1 de noche · wall_segment Palisade Wall x1 |
| 10:10 | HK | Foko_89 · age_up feudal |
| 10:58 | Kbro de Dia- K1 de noche · wall_segment Palisade Wall x1 |
| 11:00 | Kbro de Dia- K1 de noche · wall_segment Palisade Wall x1 |
| 11:00 | Kbro de Dia- K1 de noche · wall_segment Palisade Wall x1 |
| 11:05 | Kbro de Dia- K1 de noche · wall_segment Palisade Wall x1 |
| 11:07 | Kbro de Dia- K1 de noche · wall_segment Palisade Wall x1 |
| 11:09 | Kbro de Dia- K1 de noche · wall_segment Palisade Wall x1 |
| 11:12 | Kbro de Dia- K1 de noche · wall_segment Palisade Wall x1 |
| 11:13 | Kbro de Dia- K1 de noche · wall_segment Palisade Wall x1 |
| 11:15 | Kbro de Dia- K1 de noche · wall_segment Palisade Wall x1 |
| 11:27 | Kbro de Dia- K1 de noche · wall_segment Palisade Wall x1 |
| 11:29 | Kbro de Dia- K1 de noche · wall_segment Palisade Wall x1 |
| 11:29 | Kbro de Dia- K1 de noche · wall_segment Palisade Wall x1 |
| 11:30 | Kbro de Dia- K1 de noche · wall_segment Palisade Wall x1 |
| 11:30 | Kbro de Dia- K1 de noche · wall_segment Palisade Wall x1 |
| 11:31 | Kbro de Dia- K1 de noche · wall_segment Palisade Wall x1 |
| 13:42 | Kbro de Dia- K1 de noche · wall_segment Palisade Wall x7 |
| 13:45 | Kbro de Dia- K1 de noche · wall_segment Palisade Wall x12 |
| 14:02 | Kbro de Dia- K1 de noche · wall_segment Palisade Wall x1 |
| 14:09 | Kbro de Dia- K1 de noche · wall_segment Palisade Wall x1 |
| 14:11 | Kbro de Dia- K1 de noche · wall_segment Palisade Wall x4 |
| 15:08 | HK | Foko_89 · first_building Archery Range |
| 17:01 | Kbro de Dia- K1 de noche · age_up feudal |
| 18:18 | Kbro de Dia- K1 de noche · wall_segment Palisade Wall x1 |
| 18:59 | Kbro de Dia- K1 de noche · wall_segment Palisade Wall x3 |
| 19:56 | Kbro de Dia- K1 de noche · first_building Barracks |
| 20:23 | Kbro de Dia- K1 de noche · first_market_buy 100 stone |
| 20:53 | Kbro de Dia- K1 de noche · wall_segment Palisade Wall x1 |
| 20:56 | Kbro de Dia- K1 de noche · age_up castle |
| 20:56 | Kbro de Dia- K1 de noche · wall_segment Palisade Wall x1 |
| 21:34 | Kbro de Dia- K1 de noche · first_building Stable |
| 22:51 | Kbro de Dia- K1 de noche · wall_segment Palisade Wall x1 |
| 22:52 | Kbro de Dia- K1 de noche · wall_segment Palisade Wall x1 |
| 22:52 | Kbro de Dia- K1 de noche · wall_segment Palisade Wall x1 |
| 22:53 | Kbro de Dia- K1 de noche · wall_segment Palisade Wall x1 |
| 23:03 | HK | Foko_89 · wall_segment Palisade Wall x1 |
| 23:03 | HK | Foko_89 · wall_segment Palisade Wall x1 |
| 23:03 | HK | Foko_89 · wall_segment Palisade Wall x1 |
| 23:04 | HK | Foko_89 · wall_segment Palisade Wall x1 |
| 23:04 | HK | Foko_89 · wall_segment Palisade Wall x2 |
| 23:04 | HK | Foko_89 · wall_segment Palisade Wall x2 |
| 24:00 | HK | Foko_89 · wall_segment Palisade Wall x1 |
| 24:06 | HK | Foko_89 · wall_segment Palisade Wall x1 |
| 25:14 | HK | Foko_89 · wall_segment Palisade Wall x1 |
| 25:15 | HK | Foko_89 · wall_segment Palisade Wall x1 |
| 25:15 | HK | Foko_89 · wall_segment Palisade Wall x2 |
| 25:15 | HK | Foko_89 · wall_segment Palisade Wall x2 |
| 25:16 | HK | Foko_89 · wall_segment Palisade Wall x2 |
| 25:32 | HK | Foko_89 · first_market_sell 100 wood |
| 25:33 | HK | Foko_89 · first_market_buy 100 food |
| 25:48 | HK | Foko_89 · wall_segment Palisade Wall x1 |
| 25:48 | HK | Foko_89 · wall_segment Palisade Wall x1 |
| 25:49 | HK | Foko_89 · wall_segment Palisade Wall x2 |
| 25:49 | HK | Foko_89 · wall_segment Palisade Wall x2 |
| 25:49 | HK | Foko_89 · wall_segment Palisade Wall x2 |
| 26:06 | HK | Foko_89 · wall_segment Palisade Wall x1 |
| 26:15 | HK | Foko_89 · wall_segment Palisade Wall x1 |
| 26:30 | HK | Foko_89 · wall_segment Palisade Wall x1 |
| 26:34 | HK | Foko_89 · wall_segment Palisade Wall x1 |
| 26:35 | HK | Foko_89 · wall_segment Palisade Wall x1 |
| 26:36 | HK | Foko_89 · wall_segment Palisade Wall x1 |
| 27:35 | Kbro de Dia- K1 de noche · first_building Castle |
| 27:55 | Kbro de Dia- K1 de noche · wall_segment Palisade Wall x1 |
| 28:18 | HK | Foko_89 · age_up castle |
| 28:23 | HK | Foko_89 · resign |
[ ANÁLISIS IA · 1 CRÉDITO ]
¿Qué pasó realmente en esta partida?
Wolo.gg analiza cada decisión: build order, eco, micro, errores típicos por bracket. Análisis personalizado por WhatsApp o Discord en 30 segundos.
Guía civ
Francos
Perfil
Jugador #6322725